Cogmind - Beta 16.1 @@@ ROGUE MODE // 2026.02.28 @ 14:33:03 Player: +Jones Result: Destroyed by NW-1PL(R) with Subdweller Laser Performance ------------- Evolutions (0) 0 Regions Visited (2) 400 Robots Destroyed (38) 190 Value Destroyed (869) 869 Prototype IDs (2) 40 Alien Tech Used (0) 0 Bonus (-60) -60 TOTAL SCORE: 1439 Bonus ------- Friendly Fire -60 Cogmind --------- Core Integrity 0/250 Matter 258/300 Energy 100/100 System Corruption 3% Temperature Cool (6) Movement Treading (320) Ox2 Location -10/Subcaves Parts ------- > --- POWER (1) -------- (None) > --- PROPULSION (2) --- Light Treads > --- UTILITY (2) ------ High-capacity Storage Unit Seismic Detector > --- WEAPON (2) ------- Grenade Launcher > --- INVENTORY (20) --- Improved Treads Improved Treads Improved Treads Improved Treads Subdweller Monowheel Cooling System Machine Analyzer Seismic Detector Scrap Shield Hacking Suite Makeshift System Shield Subdweller Machine Gun Subdweller Machine Gun Battle Cannon Battle Cannon Battle Cannon Mining Laser Makeshift Sword Peak State ------------ > --- POWER ------------ Ion Engine > --- PROPULSION ------- Light Treads Subdweller Monowheel > --- UTILITY ---------- High-capacity Storage Unit Light Armor Plating > --- WEAPON ----------- Battle Cannon Battle Cannon > --- INVENTORY -------- Light Treads Light Treads Improved Treads Improved Treads Improved Treads Improved Treads Cooling System Machine Analyzer Seismic Detector Seismic Detector Scrap Shield Hacking Suite Subdweller Laser Subdweller Machine Gun Battle Cannon Battle Cannon Grenade Launcher Rocket Launcher Mining Laser [Rating: 13] Favorites ----------- Power Ion Engine Engine Ion Engine Propulsion Light Treads Treads Light Treads Wheel Subdweller Monowheel Utility High-capacity Storage Unit Device Seismic Detector Storage High-capacity Storage Unit Protection Light Armor Plating Weapon Light Cannon Energy Gun Spread Laser Ballistic Gun Assault Rifle Ballistic Cannon Light Cannon Launcher Rocket Launcher Special Weapon Mining Laser Build | -11 -10 -10 ------- Run | Yrd Mat Sub Slots Evolved . | . . . Power . | . . . Propulsion . | . . . Utility . | . . . Weapon . | . . . Parts Attached 28 | 6 11 11 Power 2 | 1 1 . Engine 2 | 1 1 . Core . | . . . Reactor . | . . . Propulsion 5 | 2 1 2 Treads 4 | 2 1 1 Leg . | . . . Wheel 1 | . . 1 Hover . | . . . Flight . | . . . Utility 6 | 1 4 1 Device 3 | 1 1 1 Storage 2 | . 2 . Processor . | . . . Hackware . | . . . Protection 1 | . 1 . Artifact . | . . . Weapon 15 | 2 5 8 Energy Gun 2 | . 1 1 Energy Cannon . | . . . Ballistic Gun 3 | 2 . 1 Ballistic Cannon 7 | . 3 4 Launcher 2 | . 1 1 Special Weapon 1 | . . 1 Impact Weapon . | . . . Slashing Weapon . | . . . Piercing Weapon . | . . . Special Melee Weapon . | . . . Unidentified Prototypes . | . . . Parts Lost 8 | . 1 7 Power 2 | . 1 1 Propulsion 2 | . . 2 Utility 1 | . . 1 Weapon 3 | . . 3 Highest Loss Streak 3 | . 1 3 To Critical Strikes . | . . . Average Backups 13 | . 10 17 Power . | . . . Propulsion 3 | . 2 5 Utility 4 | . 3 5 Weapon 5 | . 4 6 Tool/Special . | . . . Unused Backups 17 | . 3 14 Power . | . . . Propulsion 4 | . . 4 Utility 7 | . 3 4 Weapon 6 | . . 6 Tool/Special . | . . . Average Slot Usage (%) 98 | . 97 99 Engine 13 | . 13 14 Treads 27 | . 28 27 Device 9 | . 10 8 Storage 12 | . 11 14 Protection 4 | . 3 5 Energy Gun 2 | . . 5 Ballistic Gun 4 | . 8 . Ballistic Cannon 19 | . 18 20 Peak Build Rating 13 | 6 10 13 Average Rating 9 | 5 8 11 On Entrance 5 | . 6 9 Avg Prop Armor Cover (%) 9 | . . 9 Naked Turns . | . . . Heaviest Build 54 | 10 54 54 Greatest Support 40 | 40 40 40 Greatest Overweight (x) 2 | 1 1 2 Average Overweight (x) . | . . 1 Largest Inventory Capacity 20 | 5 20 20 Average Capacity 17 | 5 15 20 Most Carried 20 | 2 15 20 Average Carried 13 | . 10 18 Final Capacity 20 | 5 20 20 Final Carried 19 | 2 14 19 Class Distribution -------------------- 100% | Mutant Dominant Class ---------------- Mutant | -10/Materials Mutant | -10/Subcaves Resources | -11 -10 -10 ----------- Run | Yrd Mat Sub Matter Collected 1669 | 308 621 740 Remotely . | . . . Salvage Created 927 | 161 542 224 Parts 86 | 15 45 26 Haulers Intercepted 2 | . 2 . Recyclers Shooed 1 | . 1 . Parts Field Recycled . | . . . Retrieved Matter . | . . . Parts Self-Destructed 7 | . . 7 Prevented . | . . . Parts Restored . | . . . Kills | -11 -10 -10 ------- Run | Yrd Mat Sub Combat Hostiles Destroyed 24 | . 14 10 Guns 3 | . 3 . Cannons 13 | . 5 8 AOE 8 | . 6 2 Classes Destroyed 12 | 2 7 3 Worker 2 | . 2 . Builder 1 | . 1 . Tunneler 4 | 4 . . Hauler 2 | . 2 . Recycler 2 | 1 1 . Operator 1 | . 1 . Watcher 2 | . 2 . Swarmer 6 | . 6 . Grunt 8 | . 8 . Sentry 1 | . . 1 Subdweller 9 | . . 9 Scientist 1 | . . 1 Best Kill Streak 5 | 3 5 2 Combat Bots Only 4 | . 4 2 Max Kills in Single Turn 3 | 1 2 3 Gunslinging 1 | . 1 . Exploded 2 | . 2 2 Melee . | . . . Uniques/NPCs Destroyed . | . . . Combat | -11 -10 -10 -------- Run | Yrd Mat Sub Hostile Shots Fired 103 | . 45 58 Missed 27 | . 13 14 Hits 76 | . 32 44 Projectile 76 | . 32 44 AOE 3 | . . 3 Critical Strikes 1 | . . 1 Damage Taken 1499 | . 382 1117 Core 267 | . 64 203 Absorbed by Shields . | . . . Regen/Repaired (Parts) 6 | . 6 . Core Remaining (%) 100 | 100 . . Volleys Fired 126 | 8 56 62 Largest 2 | 2 2 2 Hottest 130 | 40 60 130 Shots Fired 227 | 16 100 111 Gun 54 | 16 36 2 Cannon 149 | . 54 95 Launcher 15 | . 10 5 Special 9 | . . 9 Kinetic 201 | 16 90 95 Thermal 11 | . . 11 Explosive 15 | . 10 5 Electromagnetic . | . . . Robot Hit Streak 9 | 7 6 9 Robot Miss Streak 5 | 1 5 4 Penetration Max . | . . . Secondary Targets 1 | . 1 . Max Gunslinging Chain 1 | . 1 . Shots Hit Robots 112 | 12 44 56 Core Hits 49 | 6 25 18 Critical Kills . | . . . Critical Parts Destroyed . | . . . Critical Strikes 3 | . 1 2 Blast 3 | . 1 2 Melee Attacks . | . . . Impact . | . . . Slashing . | . . . Piercing . | . . . Sneak Attacks . | . . . Combat Hostiles . | . . . Follow-up Attacks . | . . . Damage Inflicted 2768 | 150 1207 1411 Guns 390 | 150 240 . Cannons 1447 | . 495 952 Explosions 931 | . 472 459 Melee . | . . . Ramming . | . . . Kinetic 1837 | 150 735 952 Thermal . | . . . Explosive 931 | . 472 459 Electromagnetic . | . . . Impact . | . . . Slashing . | . . . Piercing . | . . . Highest Corruption 3 | . 3 3 Average Corruption 2 | . 2 3 Corruption Purged . | . . . Corruption Blocked . | . . . Effects 57 | . 30 27 Message Errors 13 | . 9 4 Matter Fused 10 | . 5 5 Heat Flow Errors 7 | . 5 2 Energy Discharges 8 | . 4 4 Parts Fused 1 | . 1 . Data Loss (minor) 12 | . 4 8 Data Loss (major) 1 | . . 1 Misfires 1 | . . 1 Alerts 3 | . 1 2 Weapon Failures 1 | . 1 . Overload Shots . | . . . Overflow Damage 145 | . 145 . Projectiles 41 | . 41 . Explosions 104 | . 104 . Melee . | . . . Knockbacks 17 | . 6 11 Impact . | . . . Kinetic 17 | . 6 11 Secondary . | . . . Self-Inflicted Damage 88 | . 30 58 Shots 3 | . 1 2 Rammed . | . . . Targets Rammed . | . . . Kicked . | . . . Crushed . | . . . Highest Temperature 325 | . 325 259 Average Temperature 93 | . 93 93 Received Heat Transfer 228 | . 111 117 Siege Activations . | . . . Martial Activations . | . . . Shielding Activations . | . . . Robots Disrupted . | . . . Combat Hostiles . | . . . Robots Corrupted . | . . . Combat Hostiles . | . . . Parts Fried . | . . . Impact Corruptions . | . . . Robots Melted . | . . . Combat Hostiles . | . . . Parts Melted . | . . . Heat Transferred . | . . . Parts Sabotaged . | . . . Parts Stolen . | . . . Parts Stripped . | . . . Power Chain Reactions . | . . . Alert | -11 -10 -10 ------- Run | Yrd Mat Sub Maximum Alert Level 1 | . 1 . Low Security (%) 73 | 100 72 . Level 1 26 | . 27 . Level 2 . | . . . Level 3 . | . . . Level 4 . | . . . Level 5 . | . . . High Security . | . . . Max Security . | . . . Peak Influence 261 | 10 261 . Initial . | . . . Average 83 | 1 88 . Influence Increases 610 | 25 565 20 Destroy 0b10 Robot/C 300 | . 280 20 Destroy 0b10 Robot/NC 70 | 25 45 . Destroy Leader 78 | . 78 . Successful Hack 7 | . 7 . Select Force Hacks 60 | . 60 . Disable Machine 30 | . 30 . Destroy Structure 65 | . 65 . Influence Decreases 610 | 25 380 205 Entered New Map 89 | . . 89 Time Decay 511 | 25 370 116 Lost Part 10 | . 10 . Squads Dispatched 4 | . 4 . Investigation 3 | . 3 . Extermination . | . . . Reinforcement 1 | . 1 . Assault . | . . . Garrison . | . . . Intercept . | . . . Searches Triggered . | . . . Construction Impeded . | . . . Haulers Reinforced . | . . . Active Scanning Responses . | . . . Cargo Convoy Interrupts . | . . . Stealth | -11 -10 -10 --------- Run | Yrd Mat Sub Distress Signals 1 | . 1 . Communications Jammed . | . . . Distress Signals . | . . . Times Spotted 40 | . 23 17 Peak Tracking Total 4 | . 4 4 Tactical Retreats 4 | . . 4 Traps | -11 -10 -10 ------- Run | Yrd Mat Sub Traps Triggered 5 | . 4 1 Indirectly . | . . . Trap Hack Attempts . | . . . Triggered . | . . . Disarmed . | . . . Reprogrammed . | . . . Reused . | . . . Traps Extracted . | . . . Installed . | . . . Triggered . | . . . Machines | -11 -10 -10 ---------- Run | Yrd Mat Sub Machines Disabled 2 | . 2 . Max in Single Turn 1 | . 1 . Machines Repaired . | . . . Machines Dismantled . | . . . Machines Sabotaged . | . . . Overloaded Fab Kills . | . . . Hacking | -11 -10 -10 --------- Run | Yrd Mat Sub Machines Accessed 9 | . 9 . Terminals 6 | . 6 . Fabricators . | . . . Repair Stations 1 | . 1 . Recycling Units 2 | . 2 . Scanalyzers . | . . . Garrison Access . | . . . Total Hacks 40 | . 40 . Successful 21 | . 21 . Failed 18 | . 18 . Catastrophic 1 | . 1 . Database Lockouts 1 | . 1 . Manual 24 | . 24 . Terminals 30 | . 30 . Fabricators . | . . . Repair Stations 2 | . 2 . Recycling Units 8 | . 8 . Scanalyzers . | . . . Garrison Access . | . . . Terminal Hacks 5 | . 5 . Robot Analysis 3 | . 3 . Prototype ID Bank 1 | . 1 . Hauler Manifests 1 | . 1 . Fabricator Hacks . | . . . Repair Station Hacks 2 | . 2 . Scan Component 1 | . 1 . Repair 1 | . 1 . Recycling Unit Hacks 2 | . 2 . Retrieve Components 2 | . 2 . Scanalyzer . | . . . Garrison Access Hacks . | . . . Unauthorized Hacks 12 | . 12 . Terminals 10 | . 10 . Assimilate 1 | . 1 . Botnet 4 | . 4 . Skim 5 | . 5 . Fabricators . | . . . Repair Stations . | . . . Recycling Units 2 | . 2 . Tunnel 2 | . 2 . Scanalyzers . | . . . Garrison Access . | . . . Data Cores Recovered . | . . . Used . | . . . Hacking Detections 5 | . 5 . Full Trace Events 1 | . 1 . Feedback Events . | . . . Feedback Blocked . | . . . Robot Schematics Acquired . | . . . Robots Built . | . . . Authchips . | . . . Time . | . . . Total Robot Build Rating . | . . . Part Schematics Acquired . | . . . Parts Built . | . . . Authchips . | . . . Time . | . . . Total Part Build Rating . | . . . Part Studies Acquired . | . . . Parts Repaired 1 | . 1 . Time 26 | . 26 . Parts Recycled . | . . . Recycled Matter . | . . . Retrieved Matter . | . . . Retrieved Components 9 | . 9 . Parts Scanalyzed . | . . . Part Schematics Acquired . | . . . Parts Damaged . | . . . Bothacking | -11 -10 -10 ------------ Run | Yrd Mat Sub Used RIF Installer . | . . . Robots Hacked . | . . . Non-combat . | . . . Combat . | . . . Robot Hacks Applied . | . . . Relay Couplers Released . | . . . Fabnet Peak Effective % . | . . . Robots Rewired . | . . . Allies Hacked . | . . . Hacks Repelled . | . . . Allies | -11 -10 -10 -------- Run | Yrd Mat Sub Total Allies . | . . . Largest Group . | . . . Highest-Rated Group . | . . . Highest-Rated Ally . | . . . Total Orders . | . . . Ally Attacks . | . . . Total Damage . | . . . Kills . | . . . Allies Corrupted . | . . . Allies Melted . | . . . Intel | -11 -10 -10 ------- Run | Yrd Mat Sub Active Infowar (turns) 2422 | 78 1398 946 Seismic 2422 | 78 1398 946 Robot Analysis Total 3 | . 3 . Derelict Logs Recovered 1 | . . 1 Drone Launches . | . . . Drone Recoveries . | . . . Exploration | -11 -10 -10 ------------- Run | Yrd Mat Sub Turns Passed 3714 | 121 1946 1647 Spaces Moved 1360 | 54 729 577 Core 5 | 5 . . Treads 1340 | 49 729 562 Legs . | . . . Wheels 15 | . . 15 Hover . | . . . Flight . | . . . Fastest Speed 50 | 50 160 130 Average Speed 215 | 150 203 237 Slowest Speed 240 | 160 240 240 Overloaded Moves . | . . . Propulsion Burnouts . | . . . Robots Hopped . | . . . Potential Cave-ins . | . . . Cave-ins Triggered . | . . . Exploration Rate (%) 48 | 5 99 41 Regions Visited 2 Branch Regions 1 Pre-discovered Areas 2 | . 2 . Known Exits Taken 1 | . 1 . Unknown Exits Taken 1 | 1 . . Scrap Searched 17 | . . 17 Spaces Dug 9 | . 5 4 Terrain Destroyed 86 | . 66 20 Melee . | . . . Projectile 1 | . . 1 AOE 85 | . 66 19 Terrain Rammed . | . . . Walls Destroyed . | . . . Machines Disabled . | . . . Actions | -11 -10 -10 --------- Run | Yrd Mat Sub Total 1890 | 75 1090 725 Wait 297 | 6 257 34 Move 1358 | 53 728 577 Hop . | . . . Pick Up 40 | 2 21 17 Fast Attach 11 | 6 5 . Attach 8 | . . 8 Detach . | . . . Swap 30 | . 12 18 Drop 20 | . 11 9 Fire 126 | 8 56 62 Melee . | . . . Ram . | . . . Kick . | . . . Crush . | . . . Escape Stasis . | . . . Rewire . | . . . Trap . | . . . Miscellaneous . | . . . Route ------- -11/Scrapyard -10/Materials (discovered 5 exits: *Mat x3 / [*Min] / *Sub) -10/Subcaves (discovered 2 exits: *Mat x2) History --------- Turn | Location | Event 38 | -11/Scrapyard | Discovered new exit (range 16) 122 | -11/Scrapyard | Entered Materials 313 | -10/Materials | Build established: Mutant 374 | -10/Materials | Discovered new exit (range 9) 608 | -10/Materials | Discovered new exit (range 11) 664 | -10/Materials | Central database locked down 864 | -10/Materials | Discovered new exit (range 15) 1567 | -10/Materials | Identified exit to Materials 1649 | -10/Materials | Learned location of 2 exits from Mines 1766 | -10/Materials | Discovered new exit (range 7) 1782 | -10/Materials | Identified exit to Subcaves 1835 | -10/Materials | Loaded intel: 15 trap records 1876 | -10/Materials | Repaired Seismic Detector 1876 | -10/Materials | Learned 2 Materials zone layouts 1905 | -10/Materials | Learned Storage emergency access door positions 1945 | -10/Materials | Learned Materials trap positions 1996 | -10/Materials | Learned 2 Storage zone layouts 2057 | -10/Materials | Learned location of 2 exits from Materials 2068 | -10/Materials | Entered Subcaves 2069 | -10/Subcaves | Approached by a straggling Scientist 2069 | -10/Subcaves | Identified exit to Materials 2505 | -10/Subcaves | Disturbed a concealed Subdweller 2769 | -10/Subcaves | Core integrity fell below 50% 2859 | -10/Subcaves | Learned Materials emergency access door positions 3708 | -10/Subcaves | A Subdweller sparked back to life 3708 | -10/Subcaves | A Subdweller sparked back to life 3708 | -10/Subcaves | A Subdweller sparked back to life 3710 | -10/Subcaves | Core integrity fell below 20% 3711 | -10/Subcaves | Ambushed by Subdweller buried in earth 3715 | -10/Subcaves | Destroyed by NW-1PL(R) with Subdweller Laser Last Messages --------------- 03567_ Found 49 Matter. 03569_ Searching scrap... 03569_ Found Sub. Machine Gun. 03569_ Found 70 Matter. 03577_ Subatomizers dissect the Sub. Laser. 03603_ Acquired 10 matter. 03622_ Dropped Sub. Shrapnel Launcher. 03649_ System corrupted: Substantial component data lost. 03672_ System corrupted: Matter fused (-6). 03708_ EQ-B42(R) creaks and sparks as it begins to move. 03708_ DL-CDG(R) creaks and sparks as it begins to move. 03708_ NW-1PL(R) creaks and sparks as it begins to move. 03711_ Lgt. Treads destroyed. 03712_ U8-CPM(R): "SLEEPOVER!" 03713_ Ion Engine destroyed. 03714_ Rocket Launcher destroyed. Map ----- +----------------------------------------------------+ | ?????????????????????????????????????????????????? | | ?????????????????????????????????????????????????? | | ?????????????????????????????????????????????????? | | ?????????????????????????????????????????????????? | | ?????????????????????????????????????????????????? | | ##???????????????????????????????????????????????? | | #"##?????????????????????????????????????????????? | | #" #????????????????????? ???????????????????????? | | #" #????????????????????? ?? ??????????????????? | | #" ##???????????????????? ? ??????????????????? | | ## "#???????????????##??? #?????????????????? | | ?## ##?????????????? ## # ?????????????????? | | ?## #??????????????? # # #?????????????????? | | ##" #???????????????# " < # ####??????????????? | | " #??????????????## ##?????????????? | | "" #??????????????? R #?????????????? | | # """"#??????????????? &RR #?????????????? | | #""####???????????????? ??????????????? | | ####????????????????????< ???????????????? | | ???????????????????????## #????????????????? | | ????????????????????#### #?????????????????? | | ????????????????????# #??????????????????? | | ???????????????????## ;#??????????????????? | | ???????????????????# #??????????????????? | | ???????????????????## #?###??????????????? | | ???????????????????# @ ### ###????????????? | | ??????????????????# R ## #????????????? | | ??????????????????## ##???????????? | | ???????????????????# #???????????? | | ???????????????????## # # #???????????? | | ????????????????????### # ##### #???????????? | | ??????????????????????#### ##??## #???????????? | | ????????????#########???## #??## ##???????????? | | ???????????##"""""" #### #?## #????????????? | | ???????????# " """ "# ### ##???????????? | | ???????????#"" "" =& # ### #???????????? | | ???????????#""""" ] !&["# #?# #???????????? | | ???????????# "" # * " ### #???????????? | | ???????????#"" &"##"" "" ## #####???????????? | | ???????????# " #" " #???????????????? | | ???????????#[| ## #???????????????? | | ???????????#%^ % "## #???????????????? | | ???????????# % [ [## #"" ##???????????????? | | ???????????# [%"######" ##????????????????? | | ???????????# [%["##????# ##?????????????????? | | ???????????#%]!%"#?????## ##?????????????????? | | ???????????##%["[#??????# #?????????????????? | | ????????????######????#### ## ###???????????????? | | ??????????????????##### #???????????????? | | ??????????????????# ##??????????????? | +----------------------------------------------------+ Best States ------------- Heat Dissipation 25 Energy Generation 10 Energy Capacity 250 Matter Stores 300 Matter Capacity 300 Sight Range 16 Terrain Scan Density 10 Armor Coverage 150 Evasion (%) 40 Recoil Reduction 2 Item Schematics ----------------- None Robot Schematics ------------------ None Fabricated ------------ Nothing Repaired ---------- Seismic Detector | 70% | -10/Materials Studied --------- None Alien Tech Used ----------------- None Achievements -------------- None Challenges ------------ None Game ------ Seed ControlCompanionWarhead Manual? 0 Play Time 00:17:10 Cumulative 432.3 hours Start 2026.02.28 @ 14:16:28 End 2026.02.28 @ 14:33:03 Sessions 1 Manual Loads 0 Difficulty Rogue Special Mode None Game No. 340 Rogue 340 Adventurer 0 Explorer 0 Win Type - Total 5 Types 3/0/0/0/0/0/0/2/0/0 Lore% 69 Gallery% 70 Achievement% 57 Wizard Run 0 Options --------- Layout 1 ASCII 0 Keyboard 0 Movement Mouse Keybinds 0 Fullscreen 1 Font 32/SmallcapsGlow Map View 50x35 Zoom Use 0% Tactical HUD 1 Map Filters NONE Filters NONE Steam 1 RUN: 1cef4b33-0669-44a5-b87a-9843eec02aa4